 Dungeon Crawl Stone Soup version 0.30-a0-883-g5ad918d77d (webtiles) character file.

Game seed: 17359940938280847114

1316 Rrauwl the Sneak (level 8, 0/52 HPs)
             Began as an Octopode Fighter on Feb 17, 2023.
             Was an Initiate of Dithmenos.
             Slain by a wolf (3 damage)
             ... on level 7 of the Dungeon on Mar 17, 2023.
             The game lasted 00:18:08 (4991 turns).

Rrauwl the Sneak (Octopode Fighter)                 Turns: 4991, Time: 00:18:08

Health: 0/52       AC:  1    Str: 15    XL:     8   Next: 59%
Magic:  8/8        EV: 16    Int: 16    God:    Dithmenos [......]
Gold:   325        SH:  6    Dex: 20    Spells: 4/7 levels left

rFire   . . .      SeeInvis .    a - +2 short sword (venom)
rCold   + . .      Faith    .    j - +0 buckler
rNeg    . . .      Spirit   .    (helmet restricted)
rPois   .          Reflect  .    (no amulet)
rElec   .          Rampage  .    d - +6 ring of intelligence
rCorr   .          Clarity  +    f - +6 ring of dexterity
Will    .....      Rnd*Tele +    e - ring of protection from cold
Stlth   ++++                     (no ring)
HPRegen 0.28/turn                (no ring)
MPRegen 0.11/turn                (no ring)
                                 (no ring)
                                 (no ring)

@: mighty
A: almost no armour, amphibious, 8 rings, camouflage 1, gelatinous body 1,
(nimble swimmer 1), tentacles, tentacle spike 1, clarity, teleportitis 1
a: Renounce Religion


You were on level 7 of the Dungeon.
You worshipped Dithmenos.
Dithmenos was noncommittal.
You visited 2 branches of the dungeon, and saw 8 of its levels.

You collected 325 gold pieces.

Inventory:

Hand Weapons
 a - a +2 short sword of venom (weapon)
 b - a +2 short sword of flaming
Missiles
 r - a throwing net (quivered)
Armour
 j - a +0 buckler (worn)
Magical Staves
 m - a staff of poison
Jewellery
 d - a +6 ring of intelligence (left tentacle)
 e - a ring of protection from cold (on tentacle)
 f - a +6 ring of dexterity (right tentacle)
Wands
 p - a wand of quicksilver (2)
Scrolls
 g - 6 scrolls of teleportation
 h - a scroll of fog
 l - 4 scrolls of identify
 q - a scroll of enchant weapon {unknown}
Potions
 c - a potion of might
 i - a potion of curing
 k - 2 potions of attraction
 n - 3 potions of haste


   Skills:
 - Level 3.0 Fighting
 + Level 4.7 Short Blades
 + Level 5.4 Dodging
 - Level 6.0 Stealth
 + Level 5.3 Shields
 + Level 4.2 Poison Magic
 - Level 3.0 Evocations


You had 4 spell levels left.
You knew the following spells:

 Your Spells              Type           Power      Damage    Failure   Level
a - Passwall              Tmut/Erth      0%         N/A       43%         2
b - Apportation           Tloc           0%         N/A       32%         1

Your spell library contained the following spells:

 Spells                   Type           Power      Damage    Failure   Level
 Slow                     Hex            0%         N/A       32%         1
 Ensorcelled Hibernation  Hex/Ice        0%         N/A       43%         2
 Swiftness                Air            0%         N/A       67%         3
 Alistair's Intoxication  Tmut/Pois      4%         N/A       98%         5


Dungeon Overview and Level Annotations

Branches:
Dungeon (7/15)             Temple (1/1) D:6

Altars:
Ashenzari
Dithmenos
Elyvilon
Fedhas
Gozag
Hepliaklqana
Makhleb
Ru
Sif Muna
Uskayaw
Vehumet
Wu Jian
Xom
Yredelemnul
Zin
The Shining One


Innate Abilities, Weirdness & Mutations

You cannot wear most types of armour.
You are amphibious.
You can wear up to eight rings at the same time.
Your skin changes colour to match your surroundings (Stealth+).
Your rubbery body absorbs attacks. (AC +1, EV +1)
((You are camouflaged when in or above water. (Stealth+)))
You have tentacles for arms and can constrict up to eight enemies at once.
One of your tentacles bears a spike.
You possess an exceptional clarity of mind.
You are occasionally teleported next to monsters.


Message History

The wolf bites you! The hound misses you. The hound bites your hound.
The hound bites you. The hound barely misses you.
An orc comes into view. It is wielding a +0 short sword.
Something hits you. The orc priest closely misses your orc.
The orc hits you with a +0 short sword.
* * * LOW HITPOINT WARNING * * *
You feel very mighty all of a sudden.
You constrict the orc. The wolf bites you.
* * * LOW HITPOINT WARNING * * *
Your hound bites the hound.
You block the hound's attack.
Your orc hits the orc priest but does no damage.
Your orc barely misses the hound.
Your orc hits the orc with a +0 trident.
Your orc hits the hound with a +0 whip.
Your orc closely misses something.
Your orc hits the wolf but does no damage.
Your orc wizard barely misses the wolf.
The hound closely misses you. The hound barely misses you.
The hound closely misses your hound. The wolf closely misses you.
Something hits you.
* * * LOW HITPOINT WARNING * * *
The orc priest barely misses your orc. The orc closely misses you.
You block the orc's attack.
Your hound bites the hound.
Okay, then.
As you read the scroll of fog, it crumbles to dust.
The scroll dissolves into smoke.
You constrict the orc.
You kill the orc!
Dithmenos accepts your kill.
The hound barely misses you. x2; You block the hound's attack.
The wolf barely misses you.
Your orc hits the orc priest but does no damage.
Your orc misses the hound.
Your orc barely misses the hound.
Your orc closely misses something.
Your orc misses the wolf. Your orc hits the hound with a +0 whip.
Your orc wizard completely misses the wolf.
Your hound completely misses the orc.
The hound bites your orc. You block the hound's attack.
The hound closely misses you. Something hits you.
* * * LOW HITPOINT WARNING * * *
You block the orc's attack. The hound bites you.
* * * LOW HITPOINT WARNING * * *
The orc priest barely misses your orc. The wolf bites you.
You die...

..# #..#
+...########
+#..........
...........
.....)oooo
...oo..{h#####
...#..oh@h...#
......ohoh...#
......§hho§..#
......)..#####
..?.......#
...#...$....
.# #..#++#...
#.# #..h. #.
....


You could see a wolf (ally target), 5 hounds, an orc priest (ally target), an
orc, a friendly hound (summoned), a friendly orc wizard (summoned) and 7
friendly orcs.

Vanquished Creatures
  Edmund (D:4)
  A water moccasin (D:6)
  An ice beast (D:5)
  A centaur (D:5)
  An ogre (D:6)
  A bullfrog (D:7)
  2 scorpions
  2 howler monkeys
  2 jellies (D:6)
  3 hounds
  An orc priest (D:6)
  2 iguanas (D:5)
  5 orc wizards
  3 gnolls (D:6)
  7 adders
  An ufetubus (D:6)
  2 worms
  5 dart slugs
  15 orcs
  4 endoplasms
  A giant cockroach (D:2)
  8 goblins
  5 hobgoblins
  4 jackals (D:1)
  6 kobolds
  7 quokkas
  8 ball pythons
  4 bats
  2 frilled lizards (D:2)
  11 rats
116 creatures vanquished.

Vanquished Creatures (collateral kills)
  An orc (D:7)
1 creature vanquished.

Grand Total: 117 creatures vanquished

Notes
Turn   | Place    | Note
-------+----------+-------------------------------------------
     0 | D:1      | Rrauwl the Octopode Fighter began the quest for the Orb.
     0 | D:1      | Reached XP level 1. HP: 16/16 MP: 1/1
    34 | D:1      | Reached skill level 1 in Stealth
    37 | D:1      | Reached XP level 2. HP: 21/21 MP: 2/2
   124 | D:1      | Reached XP level 3. HP: 24/26 MP: 3/3
   188 | D:1      | Reached skill level 2 in Stealth
   636 | D:2      | Reached XP level 4. HP: 25/31 MP: 4/4
  1344 | D:3      | Learned a level 2 spell: Passwall
  1346 | D:3      | Found a hide-covered altar of Uskayaw.
  1532 | D:3      | Found a sacrificial altar of Ru.
  1539 | D:3      | Reached skill level 3 in Stealth
  1605 | D:3      | Reached XP level 5. HP: 24/36 MP: 5/5
  1794 | D:3      | Found a faded altar of an unknown god.
  2010 | D:3      | Learned a level 1 spell: Apportation
  2165 | D:4      | Noticed Edmund
  2181 | D:4      | Killed Edmund
  2182 | D:4      | Reached skill level 4 in Stealth
  2182 | D:4      | Reached skill level 1 in Poison Magic
  2182 | D:4      | Reached skill level 1 in Evocations
  2182 | D:4      | Reached XP level 6. HP: 15/42 MP: 6/6
  2500 | D:4      | Identified the +1 robe of Supple Strength {rPois rCorr
                  | Stlth+}
  2665 | D:4      | Gained mutation: One of your tentacles bears a spike.
                  | [potion of mutation]
  2665 | D:4      | Gained mutation: You are occasionally teleported next to
                  | monsters. [potion of mutation]
  2665 | D:4      | Gained mutation: You possess an exceptional clarity of
                  | mind. [potion of mutation]
  2888 | D:4      | Upgraded the game from 0.30-a0-779-g7971cf19c3 to
                  | 0.30-a0-883-g5ad918d77d
  3086 | D:5      | Entered Level 5 of the Dungeon
  3157 | D:5      | Found a radiant altar of Vehumet.
  3403 | D:5      | Reached XP level 7. HP: 30/46 MP: 7/7
  3584 | D:5      | Reached skill level 5 in Stealth
  4184 | D:6      | Reached XP level 8. HP: 44/52 MP: 8/8
  4270 | D:6      | Found a shadowy altar of Dithmenos.
  4278 | D:6      | Became a worshipper of Dithmenos the Shadowed
  4288 | D:6      | Reached skill level 5 in Dodging
  4346 | D:6      | Reached skill level 5 in Shields
  4412 | D:6      | Found a shimmering blue altar of Sif Muna.
  4428 | D:6      | Reached skill level 6 in Stealth
  4455 | D:6      | Got Sif Muna's Exposition on the Sphinx
  4541 | D:6      | Found a basalt altar of Yredelemnul.
  4572 | D:6      | Found a staircase to the Ecumenical Temple.
  4600 | Temple   | Entered the Ecumenical Temple
  4865 | D:6      | Found a burning altar of Makhleb.
  4991 | D:7      | Slain by a wolf

Illustrated notes

Levels and vault maps discovered:
D:1:      eino_arrival_water_star, layout_rooms, minmay_tromino_i2
D:2:      layout_basic
D:3:      layout_loops_ring, old_standard_altar, amcnicky_altar_gilded,
          hellmonk_ecumenical_altar_defaced_shrine
D:4:      layout_gridville, kennysheep_path_1, uniq_edmund
D:5:      layout_basic, mainiacjoe_overflow_concentric_impassable
D:6:      layout_gridville, lemuel_doored_altar,
          mainiacjoe_overflow_cross_hatched, mainiacjoe_overflow_24_doors,
          led_sif_book, minmay_temple_entry_arrows
D:7:      layout_cave_pools, serial_gnoll_camp, gnoll_camp_mini_basic,
          grums_kennel, gnoll_camp_mini_doghouse, gnoll_camp_mini_hut,
          serial_shops, nicolae_shop_behind_doors, minmay_misc_feat_doors,
          amcnicky_altar_lugonu_corruption
Temple:   hellmonk_temple_beads

Skill      XL: |  1  2  3  4  5  6  7  8 |
---------------+-------------------------+-----
Stealth        | 1 2 3 4 5 6 |  6.0
Short Blades   | 3 4 |  4.7
Dodging        | 4 5 |  5.4
Shields        | 4 5 |  5.3
Poison Magic   | 1 2 3 4 |  4.2
Evocations     | 1 2 3 |  3.0
Fighting       | |  3.0

Action                     |  1- 3 |  4- 6 |  7- 9 || total
---------------------------+-------+-------+-------++-------
  Melee: Rapier            |    37 |       |       ||    37
         Constrict         |    15 |    17 |    15 ||    47
         Tentacles         |    10 |    17 |    19 ||    46
         Punch             |     1 |       |     1 ||     2
         Short sword       |    25 |    92 |    73 ||   190
         Kick              |       |     4 |    27 ||    31
    Use: Scroll            |       |     7 |     3 ||    10
         Potion            |       |     3 |     2 ||     5
   Stab: Sleeping          |     9 |    14 |     9 ||    32
 Armour: Skin              |     1 |     1 |     2 ||     4
  Dodge: Dodged            |    34 |    33 |    51 ||   118
  Block: Buckler           |    13 |    14 |    17 ||    44

Table legend: (Time is in decaauts)
 A = Elapsed time spent in this place.
 B = Non-inter-level travel time spent in this place.
 C = Inter-level travel time spent in this place.
 D = Time resting spent in this place.
 E = Time spent auto-exploring this place.
 F = Levels seen in this place.
 G = Mean time per level.
                   A        B        C        D        E       F      G
               +--------+--------+--------+--------+--------+-----+--------+
         Total |   4969 |   4755 |    214 |      0 |   3979 |   8 |  621.1 |
       Dungeon |   4828 |   4625 |    203 |      0 |   3859 |   7 |  689.7 |
        Temple |    140 |    129 |     11 |      0 |    120 |   1 |  140.0 |
               +--------+--------+--------+--------+--------+-----+--------+

Top non-repeatable levels by time:
     D:4: 1028 daAuts
     D:5: 932 daAuts
     D:2: 853 daAuts
     D:3: 760 daAuts
     D:6: 734 daAuts
     D:1: 481 daAuts
  Temple: 140 daAuts
     D:7: 37 daAuts
